 Dungeon Crawl Stone Soup version 0.31-a0-174-g85c54bcb58 (webtiles) character file.

Game seed: 13555296171726929410

66 NoAnimeNoLife the Trooper (level 4, 0/25 HPs)
             Began as a Vine Stalker Fighter on June 16, 2023.
             Slain by a black bear (3 damage)
             ... on level 3 of the Dungeon.
             The game lasted 00:01:13 (1748 turns).

NoAnimeNoLife the Trooper (Vine Stalker Fighter)    Turns: 1748, Time: 00:01:14

Health: 0/25       AC:  6    Str: 21    XL:     4   Next: 15%
Magic:  0/5        EV:  9    Int:  8    God:
Gold:   156        SH:  4    Dex: 13    Spells: 3/3 levels left

rFire   . . .        a - +0 war axe
rCold   . . .        c - +0 buckler
rNeg    . . .        b - +0 scale mail
rPois   .            (no helmet)
rElec   .            (no cloak)
rCorr   .            (no gloves)
SInv    .            (no boots)
Will    .....        (no amulet) Stlth
                     (no ring)
HPRegen 1.04/turn    (no ring)
MPRegen 0.09/turn

%: guardian spirit
@: no status effects
A: fangs 2, regeneration 1, magic shield, antimagic bite, no potion heal 2
a: no special abilities


You were on level 3 of the Dungeon.
You visited 1 branch of the dungeon, and saw 3 of its levels.

You collected 156 gold pieces.

Inventory:

Hand Weapons
 a - a +0 war axe (weapon)
Armour
 b - a +0 scale mail (worn)
 c - a +0 buckler (worn)
Jewellery
 p - a ring of ice
Scrolls
 e - a scroll of fear
 f - 2 scrolls of enchant weapon
 h - a scroll of teleportation
 i - a scroll of enchant armour {unknown}
 k - a scroll of fog
 l - a scroll of noise
Potions
 d - a potion of might
 g - a potion of heal wounds {unknown}
 j - a potion of curing {unknown}
 m - a potion of ambrosia {unknown}
 n - a potion of berserk rage {unknown}
 o - a potion of enlightenment {unknown}


   Skills:
 + Level 3.6 Fighting
 + Level 3.0 Axes
 - Level 2.4 Armour
 - Level 2.6 Shields


You had 3 spell levels left.
You didn't know any spells.
Your spell library was empty.

Dungeon Overview and Level Annotations

Branches:
Dungeon (3/15)

Altars:
Dithmenos

Shops:
D:2 (


Innate Abilities, Weirdness & Mutations

You have extremely sharp teeth.
Your natural rate of healing is unusually fast.
When hurt, damage is shared between your health and your magic reserves.
Your bite disrupts and absorbs the magic of your enemies.
Potions cannot restore your health.


Message History

You are too injured to fight recklessly!
You hit the black bear. You bite the black bear. You drain its power.
You feel invigorated.
The black bear is severely wounded.
The black bear goes berserk!
You closely miss the black bear.
The black bear is severely wounded.
The black bear bites you. The black bear claws you.
The black bear barely misses you. The black bear bites you.
The black bear claws you but does no damage. x2
You barely miss the black bear.
The black bear is severely wounded.
The black bear closely misses you.
The black bear claws you but does no damage.
You block the black bear's attack. The black bear barely misses you.
The black bear claws you but does no damage.
The black bear closely misses you.
You aren't carrying any items that you can evoke.
You closely miss the black bear. Your bite misses the black bear.
The black bear is severely wounded.
The black bear bites you but does no damage.
You block the black bear's attack. The black bear barely misses you.
The black bear bites you!
* * * LOW HITPOINT WARNING * * *
The black bear claws you but does no damage.
The black bear closely misses you.
Okay, then.
Okay, then.
You completely miss the black bear.
The black bear is severely wounded.
The black bear barely misses you. x2
The black bear claws you but does no damage.
The black bear misses you. The black bear claws you.
* * * LOW HITPOINT WARNING * * *
The black bear claws you but does no damage.
You closely miss the black bear. You bite the black bear! You drain its power.
You feel invigorated.
The black bear is almost dead.
The black bear bites you!
You die...

#... .. ... .#
##..##..#!. .........#
... ....##
..###..##....# #
$.##..##.h..#.#
.......##@....##
#.##...#.).....# #.#
#....#.......
..######.###...##<......
...††..#..##...# .......
######.........##.....#.
##...................
#....................
#....................


You could see a black bear (berserk).

Vanquished Creatures
  An adder (D:2)
  2 worms
  A dart slug (D:1)
  3 ball pythons (D:1)
  3 endoplasms
  4 giant cockroaches
  9 goblins
  2 jackals (D:3)
  A quokka (D:1)
  8 bats
  7 frilled lizards
  4 kobolds (D:1)
  2 rats (D:1)
47 creatures vanquished.

Notes
Turn   | Place    | Note
-------+----------+-------------------------------------------
     0 | D:1      | NoAnimeNoLife the Vine Stalker Fighter began the quest for
                  | the Orb.
     0 | D:1      | Reached XP level 1. HP: 11/11 MP: 2/2
   119 | D:1      | Found a faded altar of an unknown god.
   128 | D:1      | Reached XP level 2. HP: 16/16 MP: 3/3
   280 | D:1      | You fall into a shaft and drop 1 floor!
   388 | D:1      | Reached XP level 3. HP: 20/20 MP: 4/4
  1065 | D:2      | Found Oliwikus's Weapon Shoppe.
  1400 | D:2      | Found a shadowy altar of Dithmenos.
  1652 | D:3      | Gained mutation: Your natural rate of healing is unusually
                  | fast. [Vine Stalker growth]
  1652 | D:3      | Reached XP level 4. HP: 25/25 MP: 3/5
  1736 | D:3      | Noticed a black bear
  1737 | D:3      | Identified the +10 hand axe "Saomyucu" {flame, Will- Dex+5
                  | Stlth-}
  1748 | D:3      | Slain by a black bear

Illustrated notes

Levels and vault maps discovered:
D:1:      dpeg_arrival_boxorama, layout_basic,
          chequers_ecumenical_altar_simple_redux, serial_forest,
          infiniplex_forest_clump_small, infiniplex_forest_end_2,
          infiniplex_forest_end_1, infiniplex_forest_zigzag_2,
          infiniplex_forest_clump_double
D:2:      layout_basic, serial_shops, nicolae_shop_bloodbath_and_beyond,
          basic_altar, minivault_4, nicolae_figureground_pulse
D:3:      layout_rooms, mainiacjoe_overflow_catwalk, grunt_ministairs_12,
          minmay_goblin_outpost, uniq_crazy_yiuf_cottage

Skill      XL: |  1  2  3  4 |
---------------+-------------+-----
Axes           | 2 3 |  3.0
Fighting       | 3 |  3.6
Armour         | |  2.4
Shields        | |  2.6

Action                     |  1- 3 |  4- 6 || total
---------------------------+-------+-------++-------
  Melee: War axe           |   107 |    21 ||   128
         Bite              |    20 |     6 ||    26
    Use: Scroll            |     5 |       ||     5
 Armour: Scale mail        |    62 |    22 ||    84
  Dodge: Dodged            |    66 |    16 ||    82
  Block: Buckler           |    20 |    11 ||    31

Table legend: (Time is in decaauts)
 A = Elapsed time spent in this place.
 B = Non-inter-level travel time spent in this place.
 C = Inter-level travel time spent in this place.
 D = Time resting spent in this place.
 E = Time spent auto-exploring this place.
 F = Levels seen in this place.
 G = Mean time per level.
                   A        B        C        D        E       F      G
               +--------+--------+--------+--------+--------+-----+--------+
         Total |   1800 |   1690 |    110 |      0 |   1344 |   3 |  600.0 |
       Dungeon |   1800 |   1690 |    110 |      0 |   1344 |   3 |  600.0 |
               +--------+--------+--------+--------+--------+-----+--------+

Top non-repeatable levels by time:
     D:1: 891 daAuts
     D:2: 797 daAuts
     D:3: 111 daAuts
